 Dungeon Crawl Stone Soup version 0.23.2-40-g277498a001 (webtiles) character file.

Game seed: 17115228067777051314

60 Marnok the Vexing (level 3, -12/40 HPs)
             Began as a Demigod Wanderer on Oct 12, 2019.
             Killed by divine providence
             ... invoked by an orc priest
              (14 damage)
             ... on level 2 of the Dungeon.
             The game lasted 00:06:41 (1969 turns).

Marnok the Vexing (Demigod Wanderer)                Turns: 1969, Time: 00:06:42

Health: -12/40     AC: 21    Str: 16    XL:     3   Next: 55%
Magic:  5/5        EV:  2    Int: 16    God:
Gold:   63         SH:  4    Dex: 16    Spells: 2/2 levels left

rFire    . . .     SeeInvis .   a - +0 dagger
rCold    . . .     Gourm    .   c - +0 buckler
rNeg     + + +     Faith    .   (armour currently unavailable)
rPois    +         Spirit   .   (helmet currently unavailable)
rElec    .         Reflect  .   (cloak currently unavailable)
rCorr    .         Harm     .   (gloves currently unavailable)
MR       .....     NoTele   +   (boots currently unavailable)
Stlth    ++........             b - amulet of regeneration
HPRegen  0.53/turn              (no ring)
MPRegen  0.09/turn              (no ring)

@: tree-form
A: high mp 1
a: no special abilities


You were on level 2 of the Dungeon.
You were hungry.
You were a tree.
You visited 1 branch of the dungeon, and saw 3 of its levels.

You collected 63 gold pieces.

Inventory:

Hand Weapons
 a - a +0 dagger (weapon)
Missiles
 e - 8 tomahawks (quivered)
Armour
 c - a +0 buckler (worn)
 d - a +0 robe (melded)
Jewellery
 b - an amulet of regeneration (around neck)
Scrolls
 g - 2 scrolls of identify {unknown}
 h - 4 scrolls of fog {unknown}
 k - a scroll of enchant weapon {unknown}
Potions
 j - 2 potions of ambrosia
Comestibles
 f - 4 rations


   Skills:
 + Level 0.9 Fighting
 + Level 1.1 Short Blades
 + Level 1.1 Throwing
 + Level 1.3 Dodging
 + Level 0.3 Stealth
 + Level 2.1 Shields
   Level 3.6 Hexes
   Level 1.7 Translocations
   Level 1.0 Fire Magic
   Level 1.0 Air Magic


You had 2 spell levels left.
You didn't know any spells.
Your spell library contained the following spells:

 Spells                   Type           Power        Failure   Level  Hunger
 Corona                   Hex            ##.....      8%          1    ##.....
 Ensorcelled Hibernation  Hex/Ice        #.....       24%         2    ###....
 Beastly Appendage        Tmut           #.....       32%         1    ##.....
 Confuse                  Hex            ##......     22%         3    ####...
 Tukima's Dance           Hex            ##......     22%         3    ####...
 Dazzling Spray           Conj/Hex       #.....       43%         3    ####...
 Ignite Poison            Fire/Tmut/Pois #.......     65%         3    ####...


Dungeon Overview and Level Annotations

Branches:
Dungeon (3/15)

Annotations:
D:3 Terence


Innate Abilities, Weirdness & Mutations

You have an increased reservoir of magic. (+10% MP)


Message History

You hit the orc but do no damage. The orc hits you with a +0 hand axe.
You hit the orc but do no damage. You hit the orc.
The orc is moderately wounded.
The orc closely misses you.
You hit the orc.
The orc is moderately wounded.
You block the orc's attack.
You hit the orc.
The orc is severely wounded.
The orc closely misses you.
The orc priest invokes the aid of Beogh against you.
Beogh smites you!
* * * LOW HITPOINT WARNING * * *
It was a potion of lignification.
You turn into a tree.
Your +0 robe melds into your body.
Your roots penetrate the ground.
The orc hits you but does no damage.
The orc priest invokes the aid of Beogh against you.
Beogh smites you!
You die...

##...#..##.#
##....##.##.#
##.....##.##.#
#.#.#..##..#.#
###......###.#.#
...#.#.#.# #...#
.........# ##..#
....#.#..# #..########
.........####.oo♣^....#
....'.........#######.#
....#########.# #.#
....# #.# #.# ....# #.#
#.# ##### #.# #.# #.#
#.# #.#######.#
#.........#


You could see an orc priest and an orc.

Vanquished Creatures
  An adder (D:2)
  2 worms (D:2)
  A dart slug (D:2)
  A leopard gecko (D:2)
  2 ball pythons
  4 bats
  11 goblins
  4 hobgoblins (D:1)
  3 frilled lizards
  7 kobolds
  6 rats
42 creatures vanquished.

Notes
Turn   | Place    | Note
-------+----------+-------------------------------------------
     0 | D:1      | Marnok the Demigod Wanderer began the quest for the Orb.
     0 | D:1      | Marnok set off with the following items: a +0 dagger, a +0
                  | buckler, a +0 robe, a ration; and the following spells
                  | available to memorise: Corona, Ensorcelled Hibernation,
                  | Confuse, Tukima's Dance, Beastly Appendage, Dazzling Spray,
                  | Ignite Poison
     0 | D:1      | Reached XP level 1. HP: 14/14 MP: 3/3
   264 | D:1      | Reached XP level 2. HP: 10/22 MP: 4/4
   784 | D:1      | Reached skill level 1 in Dodging
  1217 | D:2      | Found a stormy altar of Qazlal.
  1252 | D:2      | Reached XP level 3. HP: 25/27 MP: 5/5
  1286 | D:3      | Noticed Terence
  1490 | D:2      | Reached skill level 1 in Short Blades
  1968 | D:2      | HP: 1/27 [orc priest/divine providence (11)]
  1969 | D:2      | Killed from afar by an orc priest

Skill      XL: |  1  2  3 |
---------------+----------+-----
Dodging        | 1 |  1.3
Shields        | 2 |  2.1
Short Blades   | 1 |  1.1
Fighting       | |  0.9
Throwing       | |  1.1
Stealth        | |  0.3
Hexes          | |  3.6
Translocations | |  1.7
Fire Magic     | |  1.0
Air Magic      | |  1.0

Action                   || total
-------------------------++-------
Melee: Dagger            ||   238
  Use: Potion            ||     4
  Eat: Chunk             ||     3
Armor: Robe              ||    55
Dodge: Dodged            ||   166
Block: Buckler           ||    60
